 Dungeon Crawl Stone Soup version 0.30-a0-1161-g0704695555 (webtiles) character file.

Game seed: 3773676929314275731

14 AleXD21137 the Ruffian (level 2, -25/26 HPs)
             Began as a Ghoul Cinder Acolyte on Apr 27, 2023.
             Was a Follower of Qazlal.
             Killed by an exploding bat (31 damage)
             ... ignited by their inner flame
             ... on level 1 of the Dungeon.
             The game lasted 00:03:18 (421 turns).

AleXD21137 the Ruffian (Ghoul Cinder Acolyte)        Turns: 421, Time: 00:03:21

Health: -25/26     AC:  2    Str: 17    XL:     2   Next: 45%
Magic:  2/2        EV: 11    Int:  9    God:    Qazlal [*.....]
Gold:   14         SH:  1    Dex:  4    Spells: 3/3 levels left

rFire   . .          .
                       - Unarmed
rCold   + . .        (no shield)
rNeg    + + +        a - +0 robe
rPois   ∞            (no helmet)
rElec   .            (no cloak)
rCorr   .            (no gloves)
SInv    .            (no boots)
Will    .....        c - amulet of magic regeneration
Stlth   +            (no ring)
HPRegen 0.24/turn    (no ring)
MPRegen 0.48/turn

%: no passive effects
@: fire susceptible
A: claws 1, cold resistance 1, negative energy resistance 3, inhibited
regeneration, torment resistance 2, devour on kill
a: Renounce Religion


You were on level 1 of the Dungeon.
You worshipped Qazlal.
Qazlal was aware of your devotion.
You visited 1 branch of the dungeon, and saw 1 of its levels.

You collected 14 gold pieces.

Inventory:

Armour
 a - a +0 robe (worn)
Jewellery
 c - an amulet of magic regeneration (around neck)
Potions
 b - a potion of heal wounds {unknown}


   Skills:
 + Level 3.5 Fighting
 + Level 3.6 Unarmed Combat
 + Level 1.0 Spellcasting
 + Level 2.6 Fire Magic


You had 3 spell levels left.
You didn't know any spells.
Your spell library contained the following spells:

 Spells                   Type           Power      Damage    Failure   Level
 Scorch                   Fire           10%        2d5       19%         2


Dungeon Overview and Level Annotations

Branches:
Dungeon (1/15)

Altars:
Qazlal


Innate Abilities, Weirdness & Mutations

You are immune to poison.
You have sharp fingernails.
Your flesh is cold resistant. (rC+)
You are immune to negative energy. (rN+++)
You do not regenerate when monsters are visible.
You are immune to unholy pain and torment.
You thrive by killing the living.


Message History

You hear a loud clanging noise!
It was a scroll of noise.
The bat closely misses you.
As you read the scroll labelled HEOLEI GOUGOHOE, it crumbles to dust.
The creatures around you are filled with an inner flame!
It was a scroll of immolation.
The bat closely misses you.
As you read the scroll labelled TEISE ULEDUAS, it crumbles to dust.
You feel a surge of unholy energy.
It was a scroll of torment.
The bat barely misses you. The bat hits you but does no damage.
You don't know any spells.
You start putting on your amulet.
You continue putting on your amulet of magic regeneration.
The bat hits you but does no damage.
Keep equipping yourself? [Y]es or [N]o only, please.
Keep equipping yourself?
You continue putting on your amulet of magic regeneration.
The bat barely misses you. The bat closely misses you.
You continue putting on your amulet of magic regeneration.
The bat hits you.
* * * LOW HITPOINT WARNING * * *
The bat barely misses you.
You continue putting on your amulet of magic regeneration.
The bat barely misses you.
You continue putting on your amulet of magic regeneration.
The bat barely misses you.
You finish putting on your amulet of magic regeneration.
c - an amulet of magic regeneration (around neck)
As you read the scroll labelled NIOGRE DEZY, it crumbles to dust.
You feel aware of your surroundings.
It was a scroll of magic mapping.
The bat hits you but does no damage. The bat barely misses you.
A bat is nearby!
You scratch the bat. Qazlal accepts your kill.
You feel better.
The bat explodes!
The fiery explosion engulfs you!!
Ouch! That really hurt!
You die...

#########
#########.......#
#...............##
*.....#......#...#
*,#...#@.....#[..#
#.#...#§§....#.#.#
#.....§§§......#.#
#.....)..).....#.#
*******
#.....#..#...#†#.#####
,,,,,,*
#.....#_.#...#.......#
*****,*
#.###$#..#...#.#####.# *
*,* #,,,...........# #.#
*****,****,,*####.###.###
#.#


There were no monsters in sight!

Vanquished Creatures
  A dart slug (D:1)
  An endoplasm (D:1)
  A giant cockroach (D:1)
  2 goblins (D:1)
  A hobgoblin (D:1)
  A kobold (D:1)
  A quokka (D:1)
  4 ball pythons (D:1)
  A bat (D:1)
13 creatures vanquished.

Notes
Turn   | Place    | Note
-------+----------+-------------------------------------------
     0 | D:1      | AleXD21137 the Ghoul Cinder Acolyte began the quest for the
                  | Orb.
     0 | D:1      | Reached XP level 1. HP: 19/19 MP: 1/1
   116 | D:1      | Reached XP level 2. HP: 24/26 MP: 2/2
   356 | D:1      | Found a faded altar of an unknown god.
   385 | D:1      | Prayed at the altar of an unknown god.
   385 | D:1      | Fell from the grace of Ignis
   385 | D:1      | Became a worshipper of Qazlal Stormbringer
   385 | D:1      | Reached * piety under Qazlal
   421 | D:1      | Killed by an exploding bat... ignited by their inner flame

Illustrated notes

Levels and vault maps discovered:
D:1:      dpeg_arrival_rhombus, layout_loops_ring,
          hellmonk_ecumenical_altar_lost_god, minmay_misc_feat_columns

Action                     || total
---------------------------++-------
  Melee: Unarmed           ||    45
    Use: Scroll            ||     4
 Armour: Robe              ||    20
  Dodge: Dodged            ||    52

Table legend: (Time is in decaauts)
 A = Elapsed time spent in this place.
 B = Non-inter-level travel time spent in this place.
 C = Inter-level travel time spent in this place.
 D = Time resting spent in this place.
 E = Time spent auto-exploring this place.
 F = Levels seen in this place.
 G = Mean time per level.
                   A        B        C        D        E       F      G
               +--------+--------+--------+--------+--------+-----+--------+
         Total |    418 |    418 |      0 |      0 |    216 |   1 |  418.0 |
       Dungeon |    418 |    418 |      0 |      0 |    216 |   1 |  418.0 |
               +--------+--------+--------+--------+--------+-----+--------+

Top non-repeatable levels by time:
     D:1: 418 daAuts
